 Dungeon Crawl Stone Soup version 0.23-a0-494-g91793a9 (webtiles) character file.

67 zishaf the Shooter (level 3, 0/30 HPs)
             Began as a Centaur Hunter on Dec 3, 2018.
             Succumbed to an adder's poison
             ... on level 2 of the Dungeon.
             The game lasted 00:01:56 (1300 turns).

zishaf the Shooter (Centaur Hunter)                 Turns: 1300, Time: 00:01:56

Health: 0/30       AC:  5    Str: 14    XL:     3   Next: 98%
Magic:  3/3        EV:  8    Int: 10    God:
Gold:   52         SH:  0    Dex: 10    Spells: 2/2 levels left

rFire    . . .     SeeInvis .   b - +0 short sword
rCold    . . .     Gourm    .   (no shield)
rNeg     . . .     Faith    .   l - +0 ring mail
rPois    .         Spirit   .   (no helmet)
rElec    .         Reflect  .   (no cloak)
rCorr    .         Harm     .   (no gloves)
MR       .....                  (no barding)
Stlth    ..........             (no amulet)
HPRegen  0.10/turn              (no ring)
MPRegen  0.08/turn              (no ring)

@: lethally poisoned (0 -> -10), very quick
A: large, hooves 3, deformed body, speed 2, tough skin 3
a: no special abilities


You were on level 2 of the Dungeon.
You were not hungry.

You visited 1 branch of the dungeon, and saw 2 of its levels.

You collected 52 gold pieces.

Inventory:

Hand Weapons
 a - a +1 shortbow
 b - a +0 short sword (weapon)
Missiles
 d - 30 arrows
Armour
 c - a +0 leather armour
 l - a +0 ring mail (worn)
Wands
 n - a wand of clouds (6)
Scrolls
 e - 3 scrolls of teleportation {unknown}
 h - 2 scrolls of identify {unknown}
 i - a scroll of fog {unknown}
 j - a scroll of blinking {unknown}
 k - a scroll of magic mapping {unknown}
 m - a scroll of remove curse {unknown}
Comestibles
 f - 4 rations
 g - 4 chunks of flesh


   Skills:
 + Level 2.7 Fighting
 + Level 5.8 Bows
 + Level 2.0 Dodging
 + Level 1.3 Stealth


You had 2 spell levels left.
You didn't know any spells.
Your spell library was empty.

Dungeon Overview and Level Annotations

Branches:
Dungeon (2/15)

Altars:


Innate Abilities, Weirdness & Mutations

You have hooves in place of feet.
Armour fits poorly on your strangely shaped body.
You cover ground very quickly.
You have extremely tough skin. (AC +3)


Message History

* * * LOW HITPOINT WARNING * * *
You are more poisoned.
The adder poisons you!
You hit the adder.
You kill the adder!
* * * LOW HITPOINT WARNING * * *
You feel sick.
You see here an adder corpse.
* * * LOW HITPOINT WARNING * * *
You feel sick.
You aren't carrying any potions.
* * * LOW HITPOINT WARNING * * *
You feel sick.
You see here an adder corpse.
You butcher the adder corpse.
* * * LOW HITPOINT WARNING * * *
You feel sick.
Things that are here:
2 chunks of flesh; an adder skeleton You die...

.... ...# #..# #..#
#..###### #####
#.......# ..... #..#
### #%.# #.####### #.@#
####.......####..####..
................†......
##########.####.....!..
#........# #######..
#.#####..# . #..# #..#
#..##


There were no monsters in sight!

Vanquished Creatures
  An adder (D:2)
  2 oozes
  2 dart slugs
  A leopard gecko (D:2)
  A ball python (D:1)
  2 bats (D:1)
  4 giant cockroaches (D:1)
  4 goblins (D:1)
  8 hobgoblins
  2 jackals (D:1)
  A quokka (D:2)
  3 frilled lizards
  3 kobolds (D:1)
  7 rats (D:1)
41 creatures vanquished.

Notes
Turn   | Place    | Note
-------+----------+-------------------------------------------
     0 | D:1      | zishaf the Centaur Hunter began the quest for the Orb.
     0 | D:1      | Reached XP level 1. HP: 17/17 MP: 1/1
   221 | D:1      | Reached XP level 2. HP: 23/24 MP: 2/2
   379 | D:1      | Reached skill level 1 in Stealth
   557 | D:1      | Reached XP level 3. HP: 29/30 MP: 3/3
  1299 | D:2      | HP: 1/30 [poisoned by an adder]
  1300 | D:2      | Succumbed to an adder's poison

Vault maps used:
D:1:      kennysheep_arrival_seaside, glass_columns_c, chequers_avenue

Skill      XL: |  1  2  3 |
---------------+----------+-----
Stealth        | 1 |  1.3
Dodging        | 2 |  2.0
Fighting       | |  2.7
Bows           | |  5.8

Action                   || total
-------------------------++-------
Melee: Short sword       ||   130
       Kick              ||    24
 Fire: Shortbow          ||     2
  Eat: Chunk             ||     1
Armor: Leather armour    ||    26
       Ring mail         ||    20
Dodge: Dodged            ||    54

Table legend:
 A = Non-vault XP
 B = Vault XP
 C = Vault XP percentage of total XP
 D = Non-vault monster count
 E = Vault monster count
 F = Vault count percentage of total count
                 A         B        C        D         E       F
            +---------+---------+-------+---------+---------+-------
      Total |      96 |       0 |   0.0 |      41 |       0 |   0.0
            +---------+---------+-------+---------+---------+-------
        D:1 |      63 |       0 |   0.0 |      34 |       0 |   0.0
        D:2 |      33 |       0 |   0.0 |       7 |       0 |   0.0
            +---------+---------+-------+---------+---------+-------
